 Dungeon Crawl Stone Soup version 0.24-a0-184-gcb5ae2c (webtiles) character file.

Game seed: 9982664616375807461

1307 Dfrag the Grave Robber (level 8, -7/62 HPs)
             Began as a Deep Dwarf Necromancer on Mar 15, 2019.
             Mangled by an ogre
             ... wielding a +0 giant club
              (25 damage)
             ... on level 8 of the Dungeon.
             The game lasted 00:08:49 (4881 turns).

Dfrag the Grave Robber (Deep Dwarf Necromancer)     Turns: 4881, Time: 00:08:50

Health: -7/62      AC:  7    Str: 13    XL:     8   Next: 32%
Magic:  1/18       EV: 12    Int: 19    God:
Gold:   568        SH:  0    Dex: 15    Spells: 17/21 levels left

rFire    . . .     SeeInvis .   r - +4 short sword (elec)
rCold    . . .     Gourm    +   (no shield)
rNeg     . . .     Faith    .   a - +0 robe
rPois    .         Spirit   .   (no helmet)
rElec    .         Reflect  .   (no cloak)
rCorr    +         Harm     .   (no gloves)
MR       +....                  (no boots)
Stlth    ++........             C - amulet of the gourmand
HPRegen  0.00/turn              B - +5 ring of protection
MPRegen  0.16/turn              u - ring of resist corrosion (curse)

@: non-regenerating, drained
A: damage resistance, heal wounds, agile 1, sense surroundings 1, strong 1,
MP-powered wands, no regeneration
a: Heal Wounds


You were on level 8 of the Dungeon.
You were not hungry.

You visited 1 branch of the dungeon, and saw 8 of its levels.
You also visited: Ossuary.

You collected 601 gold pieces.
You spent 33 gold pieces at shops.

Inventory:

Hand Weapons
 g - a +0 hand axe
 n - a +1 mace of draining
 r - a +4 short sword of electrocution (weapon)
Armour
 a - a +0 robe (worn)
 s - a +2 helmet
Jewellery
 f - a +2 ring of intelligence
 j - an uncursed ring of positive energy
 u - a cursed ring of resist corrosion (right hand)
 B - a +5 ring of protection (left hand)
 C - an amulet of the gourmand (around neck)
Wands
 p - a wand of polymorph (12)
Scrolls
 b - a scroll of identify
 d - 3 scrolls of teleportation
 e - 3 scrolls of immolation
 i - a scroll of amnesia {unknown}
 k - 2 scrolls of fear {unknown}
 l - 2 scrolls of remove curse {unknown}
 m - 2 scrolls of enchant armour {unknown}
 o - 2 scrolls of random uselessness
 y - a scroll of blinking {unknown}
 A - a scroll of enchant weapon {unknown}
 E - a scroll of magic mapping {unknown}
 F - a scroll of noise {unknown}
 G - a scroll of acquirement {unknown}
Potions
 h - 3 potions of invisibility
 q - a potion of mutation
 t - a potion of heal wounds
 v - a potion of curing
 w - a potion of flight
 x - a potion of agility
 z - a potion of lignification
 D - a potion of might
 H - a potion of resistance {unknown}
Comestibles
 c - 15 rations
 I - 3 chunks of flesh


   Skills:
 - Level 2.1(1.4) Dodging
 - Level 2.4(1.6) Stealth
 * Level 7.2(6.3) Spellcasting
 + Level 7.8(6.9) Necromancy


You had 17 spell levels left.
You knew the following spells:

 Your Spells              Type           Power        Failure   Level  Hunger
a - Pain                  Necr           ####         1%          1    None
b - Vampiric Draining     Necr           ####......   1%          3    ##.....

Your spell library contained the following spells:

 Spells                   Type           Power        Failure   Level  Hunger
 Animate Skeleton         Necr           N/A          1%          1    None
 Animate Dead             Necr           N/A          6%          4    ####...
 Regeneration             Chrm/Necr      Unusable     N/A         3    N/A

Dungeon Overview and Level Annotations

Branches:
Dungeon (8/15)             Temple (0/1) D:7
   Lair: D:8-11

Altars:
Fedhas
Hepliaklqana
Nemelex Xobeh
Ru
Sif Muna
Trog
Uskayaw

Shops:
D:6 *


Innate Abilities, Weirdness & Mutations

You are resistant to damage.
You can heal yourself by infusing magical energy.
You passively map a small area around you.
You do not regenerate.
You are agile. (Dex +2)
Your muscles are strong. (Str +2)
You expend magic power (3 MP) to strengthen your wands.


Message History

The ogre hits you with a +0 giant club!!
* * * LOW HITPOINT WARNING * * *
Unknown command.
Casting: Vampiric Draining (safe; 1% risk of failure)
Confirm with . or Enter, or press ? or * to list all spells.
Aiming: Vampiric Draining (safe; 1% risk of failure)
Press: ? - help, Shift-Dir - straight line, f/p - ogre
Aim: an ogre, wielding a +0 giant club (moderately wounded)
The ogre is severely wounded.
You feel life coursing into your body.
Unknown command.
Casting: Vampiric Draining (safe; 1% risk of failure)
Confirm with . or Enter, or press ? or * to list all spells.
Aiming: Vampiric Draining (safe; 1% risk of failure)
Press: ? - help, Shift-Dir - straight line, f/p - ogre
Aim: an ogre, wielding a +0 giant club (severely wounded)
The ogre is almost dead.
You feel life coursing into your body.
The ogre hits you with a +0 giant club!!
You die...

, * * , ,,, , *
...###############
,
....orrO@.........
, ,
...######÷........,
, ,*, #...######≈≈
≈ ≈ , #......, * ≈≈
* , #.r..... ≈ , *
......(... ≈ ≈ ,
###......... , ,
..........?., *
.#..........#* ,


You could see an ogre, a hell rat, an orc and a quokka.

Vanquished Creatures
  Edmund (D:4)
  A phantom (D:4)
  An ogre (D:5)
  3 bullfrogs
  A howler monkey (D:6)
  A crimson imp (D:6)
  2 hounds
  An orc priest (D:4)
  3 orc wizards
  2 iguanas
  A hell rat (D:8)
  8 worker ants
  A hound zombie (D:8)
  9 mummies
  5 adders
  2 shadow imps
  2 worms (D:4)
  2 adder skeletons
  A dart slug (D:1)
  4 leopard geckos
  14 orcs
  A ball python (D:2)
  9 giant cockroaches
  A gnoll zombie (Ossuary)
  7 goblins
  6 hobgoblins
  12 jackals
  2 quokkas (D:2)
  4 bats
  6 frilled lizards
  A goblin zombie (D:4)
  2 hobgoblin zombies (Ossuary)
  6 kobolds
  2 kobold zombies
  4 orc zombies (Ossuary)
  A quokka skeleton (D:5)
  7 rats
136 creatures vanquished.

Notes
Turn   | Place    | Note
-------+----------+-------------------------------------------
     0 | D:1      | Dfrag the Deep Dwarf Necromancer began the quest for the
                  | Orb.
     0 | D:1      | Reached XP level 1. HP: 15/15 MP: 3/3
   132 | D:1      | Reached XP level 2. HP: 19/22 MP: 0/5
   520 | D:2      | Reached XP level 3. HP: 15/28 MP: 5/7
   525 | D:2      | Learned a level 3 spell: Vampiric Draining
   884 | D:2      | Reached skill level 5 in Necromancy
   965 | D:2      | Reached XP level 4. HP: 31/36 MP: 1/8
  1929 | D:4      | Noticed Edmund
  1942 | D:4      | Killed Edmund
  1942 | D:4      | Reached XP level 5. HP: 34/42 MP: 0/11
  2080 | D:4      | Found a sand-covered staircase.
  2085 | D:4      | Reached XP level 6. HP: 11/49 MP: 10/12
  2088 | Ossuary  | Entered an ossuary
  2380 | D:4      | Reached skill level 5 in Spellcasting
  2767 | D:4      | Reached XP level 7. HP: 42/55 MP: 4/15
  3040 | D:5      | Entered Level 5 of the Dungeon
  3100 | D:5      | Found a hazy altar of Hepliaklqana.
  3727 | D:6      | Found a deep blue altar of Sif Muna.
  3728 | D:6      | Found a hide-covered altar of Uskayaw.
  3728 | D:6      | Found a sacrificial altar of Ru.
  3729 | D:6      | Found a blossoming altar of Fedhas.
  3810 | D:6      | Reached XP level 8. HP: 43/62 MP: 4/17
  4217 | D:6      | Found Niqoirin's General Store.
  4220 | D:6      | Bought a scroll of teleportation for 33 gold pieces
  4584 | D:7      | Gained mutation: You have a pair of small horns on your
                  | head. [potion of mutation]
  4584 | D:7      | Gained mutation: Your magical capacity is low. (-10% MP)
                  | [potion of mutation]
  4584 | D:7      | Gained mutation: Your mind is acute. (Int +2) [potion of
                  | mutation]
  4585 | D:7      | Lost mutation: Your magical capacity is low. (-10% MP)
                  | [potion of mutation]
  4585 | D:7      | Lost mutation: You have a pair of small horns on your head.
                  | [potion of mutation]
  4585 | D:7      | Gained mutation: You are agile. (Dex +2) [potion of
                  | mutation]
  4585 | D:7      | Gained mutation: Your body sometimes deteriorates upon
                  | taking damage. [potion of mutation]
  4585 | D:7      | Gained mutation: You tend to lose your temper in combat.
                  | [potion of mutation]
  4585 | D:7      | Lost mutation: You tend to lose your temper in combat.
                  | [potion of mutation]
  4586 | D:7      | Lost mutation: Your mind is acute. (Int +2) [potion of
                  | mutation]
  4586 | D:7      | Lost mutation: Your body sometimes deteriorates upon taking
                  | damage. [potion of mutation]
  4586 | D:7      | Gained mutation: Your muscles are strong. (Str +2) [potion
                  | of mutation]
  4586 | D:7      | Gained mutation: You expend magic power (3 MP) to
                  | strengthen your wands. [potion of mutation]
  4598 | D:7      | Found a sparkling altar of Nemelex Xobeh.
  4632 | D:7      | Found a bloodstained altar of Trog.
  4830 | D:7      | Found a staircase to the Ecumenical Temple.
  4881 | D:8      | Mangled by an ogre

Levels and vault maps discovered:
D:1:      scummos_arrival_star, layout_basic
D:2:      layout_basic
D:3:      layout_rooms
D:4:      layout_gridville, nicolae_ossuary_entry_giza, uniq_edmund
D:5:      layout_basic, nicolae_overflow_crystal_walls, first_ration
D:6:      layout_basic, chequers_temple_overflow_statue_of_worship,
          serial_shops, shop
D:7:      layout_cave_pools, nemelex_xobeh_ov_fountains_minmay,
          minmay_temple_entry_from_below_a, serial_shops, nicolae_shop_crystal,
          bloody_trog
D:8:      old_forge, layout_rooms, dpeg_lair_monsters, serial_ice, serial_ice_l,
          serial_ice_a, serial_ice_o, serial_ice_h, glass_columns_a
Ossuary:  ossuary_tomb_3

Skill      XL: |  1  2  3  4  5  6  7  8 |
---------------+-------------------------+-----
Spellcasting   | 2 3 4 5 6 7 |  7.2
Necromancy     | 5 6 7 |  7.8
Dodging        | |  2.1
Stealth        | |  2.4

Action                   |  1- 3 |  4- 6 |  7- 9 || total
-------------------------+-------+-------+-------++-------
Melee: Hand axe          |    25 |     7 |       ||    32
       Short sword       |       |    57 |    82 ||   139
       Mace              |       |     1 |       ||     1
       Unarmed           |       |       |     6 ||     6
 Cast: Pain              |    38 |    44 |    18 ||   100
       Vampiric Draining |     7 |    20 |    45 ||    72
 Abil: Heal Wounds       |       |     2 |       ||     2
Evoke: Wand              |       |    17 |     1 ||    18
  Use: Scroll            |       |       |    11 ||    11
       Potion            |       |       |     3 ||     3
 Stab: Distracted        |       |     1 |       ||     1
       Sleeping          |       |       |     2 ||     2
  Eat: Chunk             |     1 |     7 |    20 ||    28
Armor: Robe              |     7 |    23 |    39 ||    69
Dodge: Dodged            |    44 |    68 |   101 ||   213

Table legend:
 A = Non-vault XP
 B = Vault XP
 C = Vault XP percentage of total XP
 D = Non-vault monster count
 E = Vault monster count
 F = Vault count percentage of total count
                 A         B        C        D         E       F
            +---------+---------+-------+---------+---------+-------
      Total |    1498 |     370 |  19.8 |     114 |      22 |  16.2
            +---------+---------+-------+---------+---------+-------
        D:1 |      39 |       0 |   0.0 |      23 |       0 |   0.0
        D:2 |      73 |       0 |   0.0 |      20 |       0 |   0.0
        D:3 |      48 |       0 |   0.0 |      19 |       0 |   0.0
        D:4 |     390 |     184 |  32.1 |      21 |       4 |  16.0
        D:5 |     286 |       0 |   0.0 |      12 |       0 |   0.0
        D:6 |     541 |       0 |   0.0 |      14 |       0 |   0.0
        D:7 |      15 |       0 |   0.0 |       3 |       0 |   0.0
        D:8 |     106 |      34 |  24.3 |       2 |       2 |  50.0
    Ossuary |       0 |     152 | 100.0 |       0 |      16 | 100.0
            +---------+---------+-------+---------+---------+-------
